[Event "FIDE World Rapid-ch Open 2018"]
[White "Paravyan, David"]
[Black "Kobo, Ori"]
[Site "St. Petersburg"]
[Round "3.78"]
[Annotator "ChessBase"]
[Result "0-1"]
[Date "2018.12.26"]
[WhiteElo "2634"]
[BlackElo "2494"]
[PlyCount "162"]
[TimeControl "900+10"]

1. e4 g6 2. d4 Bg7 3. c4 e6 4. Nc3 Ne7 5. d5 d6 6. Nf3 Nd7 7. Be2 Nc5 8. 0-0 0-0 9. Nd4 f5 10. exf5 Nxf5 11. Nxf5 gxf5 12. Be3 a5 13. Qd2 Bd7 14. dxe6 Bxe6 15. Rad1 Qf6 16. Nd5 Qf7 17. Bf3 a4 18. Rfe1 Rad8 19. Bg5 Rde8 20. Nf4 Ne4 21. Bxe4 fxe4 22. Nxe6 Rxe6 23. Bh4 Qf5 24. b3 axb3 25. axb3 Ra8 26. Bg3 Bh6 27. Qe2 e3 28. f4 c6 29. Rd3 Rae8 30. Red1 Bf8 31. Rd4 Re4 32. R4d3 h5 33. Rf1 R8e6 34. Be1 Bg7 35. g3 d5 36. Bb4 d4 37. Kh1 c5 38. Ba3 Rg6 39. Qf3 b6 40. Bc1 h4 41. Kg2 Bh6 42. Bxe3 Rxe3 43. Rxe3 dxe3 44. Qxe3 Re6 45. Qf3 h3+ 46. Kg1 Bg7 47. g4 Bd4+ 48. Kh1 Qe4 49. Qxe4 Rxe4 50. g5 Kf7 51. f5 Rg4 52. g6+ Kf6 53. Re1 Kxf5 54. b4 Bc3 55. Rf1+ Kxg6 56. bxc5 Rxc4 57. cxb6 Be5 58. Rb1 Rc2 59. b7 Rxh2+ 60. Kg1 Rg2+ 61. Kh1 Rh2+ 62. Kg1 Bb8 63. Rb3 Kg5 64. Rc3 Rg2+ 65. Kh1 Rh2+ 66. Kg1 Rg2+ 67. Kh1 Rb2 68. Rxh3 Rxb7 69. Kg2 Kg4 70. Rf3 Rb2+ 71. Rf2 Rb3 72. Rf8 Bf4 73. Rg8+ Bg5 74. Kf2 Rb2+ 75. Ke1 Kf4 76. Kd1 Rg2 77. Re8 Kf3 78. Re2 Rg1+ 79. Re1 Rg2 80. Re2 Rg4 81. Re8 Rc4 0-1

[Event "FIDE World Rapid-ch Open 2018"]
[White "Tari, Aryan"]
[Black "Hirneise, Tobias"]
[Site "St. Petersburg"]
[Round "3.79"]
[Annotator "ChessBase"]
[Result "1-0"]
[Date "2018.12.26"]
[WhiteElo "2620"]
[BlackElo "2464"]
[PlyCount "69"]
[TimeControl "900+10"]

1. e4 e5 2. Nf3 Nc6 3. d4 exd4 4. Nxd4 Nf6 5. Nxc6 bxc6 6. e5 Qe7 7. Qe2 Nd5 8. c4 Nb6 9. Nc3 Qe6 10. Qe4 d5 11. exd6 Bxd6 12. Bd3 f5 13. Qxe6+ Bxe6 14. b3 0-0-0 15. Bb2 Bxh2 16. Rxh2 Rxd3 17. Rd1 Rxd1+ 18. Nxd1 Re8 19. Kd2 Rd8+ 20. Kc1 Nd7 21. Rxh7 Nc5 22. Bxg7 Nd3+ 23. Kb1 f4 24. Rh8 Rxh8 25. Bxh8 Bg4 26. Kc2 Ne1+ 27. Kd2 Nxg2 28. Be5 Bf5 29. Nc3 Bh7 30. Ne2 f3 31. Nd4 Be4 32. Bg3 Kd7 33. b4 a6 34. a3 c5 35. Nb3 1-0

[Event "FIDE World Rapid-ch Open 2018"]
[White "Christiansen, Johan-Sebastian"]
[Black "Hakobyan, Aram"]
[Site "St. Petersburg"]
[Round "3.80"]
[Annotator "ChessBase"]
[Result "1-0"]
[Date "2018.12.26"]
[WhiteElo "2555"]
[BlackElo "2545"]
[PlyCount "113"]
[TimeControl "900+10"]

1. c4 Nf6 2. g3 g6 3. Bg2 Bg7 4. Nf3 0-0 5. d4 d6 6. 0-0 Ne4 7. Qc2 f5 8. Rd1 Nc6 9. Be3 Qe8 10. d5 Nb4 11. Qb3 a5 12. Bd4 Bd7 13. Nc3 Bf6 14. Rdc1 Qf7 15. Qd1 Na6 16. Bxf6 Qxf6 17. Ne1 Nac5 18. Nd3 a4 19. Nxc5 Nxc5 20. e3 c6 21. Qd2 Kg7 22. Rab1 g5 23. f4 h5 24. b4 axb3 25. axb3 Ra3 26. Qc2 Rfa8 27. Rf1 g4 28. Rfe1 h4 29. Red1 Na6 30. e4 Nb4 31. Qd2 c5 32. e5 dxe5 33. fxe5 Qxe5 34. Qg5+ Kf8 35. Ne4 Ra2 36. Qh6+ Ke8 37. Qg6+ Kd8 38. Qb6+ Qc7 39. Qxc7+ Kxc7 40. Nxc5 Rc2 41. Rbc1 Raa2 42. Rxc2 Nxc2 43. Rd2 Ra1+ 44. Kf2 Ne1 45. Bh1 Nd3+ 46. Nxd3 Rxh1 47. Kg2 Rb1 48. gxh4 Be8 49. Rb2 Rd1 50. Nf4 Kd6 51. h5 Ke5 52. h6 Kf6 53. Re2 e5 54. h7 Kg7 55. Rxe5 Bf7 56. Re7 Rd2+ 57. Kg3 1-0

[Event "FIDE World Rapid-ch Open 2018"]
[White "Shinkevich, Vitaly"]
[Black "Lobanov, Sergei"]
[Site "St. Petersburg"]
[Round "3.81"]
[Annotator "ChessBase"]
[Result "1-0"]
[Date "2018.12.26"]
[WhiteElo "2439"]
[BlackElo "2526"]
[PlyCount "73"]
[TimeControl "900+10"]

1. d4 Nf6 2. Nf3 e6 3. c4 b6 4. a3 Bb7 5. Nc3 d5 6. cxd5 Nxd5 7. Bd2 c5 8. e4 Nxc3 9. Bxc3 Bxe4 10. Ne5 a6 11. Qh5 g6 12. Qe2 Bd5 13. dxc5 Bg7 14. Qe3 0-0 15. cxb6 Nd7 16. Nxd7 Qxd7 17. f3 Rfb8 18. Bxg7 Kxg7 19. Qe5+ Kg8 20. Bxa6 Rxb6 21. Be2 Qa7 22. Qd4 Qa5+ 23. Kf2 Rb3 24. Rhc1 Rab8 25. Rc2 h5 26. Rac1 Qd8 27. Ba6 Kh7 28. Rc8 Rxb2+ 29. Kf1 Rb1 30. Rxb1 Rxc8 31. Bxc8 Qxc8 32. Kg1 Qc2 33. Rb8 Qc1+ 34. Kf2 Kh6 35. Rh8+ Kg5 36. h4+ Kf5 37. g4+ 1-0

[Event "FIDE World Rapid-ch Open 2018"]
[White "Potapov, Pavel"]
[Black "Borisenko, Viacheslav"]
[Site "St. Petersburg"]
[Round "3.82"]
[Annotator "ChessBase"]
[Result "1/2-1/2"]
[Date "2018.12.26"]
[WhiteElo "2516"]
[BlackElo "2289"]
[PlyCount "218"]
[TimeControl "900+10"]

1. e4 c5 2. c3 e5 3. Nf3 Nc6 4. Bc4 Qc7 5. 0-0 Nf6 6. Ng5 Nd8 7. f4 h6 8. Nf3 exf4 9. e5 Ng8 10. Qe2 g5 11. d4 a6 12. a4 Ne7 13. Nbd2 Bg7 14. Ne4 0-0 15. Nf6+ Bxf6 16. exf6 Ng6 17. Nxg5 hxg5 18. Qh5 d5 19. Qh6 Ne6 20. Bxd5 Qd8 21. Bxe6 Qxf6 22. Ba2 Re8 23. h4 Re2 24. Bd5 cxd4 25. h5 Bf5 26. hxg6 Bxg6 27. Bxf4 gxf4 28. Rxf4 Qg7 29. Qg5 Re5 30. Bxf7+ Bxf7 31. Qxg7+ Kxg7 32. cxd4 Re2 33. Rc1 Rae8 34. Kh2 R8e7 35. b4 Rb2 36. Rg4+ Bg6 37. d5 Rd2 38. Rc5 Rd7 39. b5 R2xd5 40. Rxd5 Rxd5 41. bxa6 bxa6 42. Kg3 Kf6 43. Kf2 Ra5 44. Ke3 Be8 45. Rf4+ Kg5 46. g4 Bd7 47. Kf3 Rd5 48. Rb4 a5 49. Rc4 Re5 50. Kg3 Be6 51. Rd4 Re3+ 52. Kf2 Ra3 53. Re4 Bxg4 54. Re5+ Kf4 55. Rxa5 Ra2+ 56. Ke1 Bf3 57. Rb5 Be4 58. Rb3 Rxa4 59. Kd2 Ra8 60. Kc3 Rc8+ 61. Kd4 Rd8+ 62. Kc3 Ke3 63. Kc4+ Bd3+ 64. Kc5 Rc8+ 65. Kd5 Rh8 66. Rb4 Rh5+ 67. Kd6 Ra5 68. Kc6 Be4+ 69. Kd6 Kf4 70. Rb8 Rd5+ 71. Ke6 Rf5 72. Kd6 Rf6+ 73. Kc5 Rh6 74. Kd4 Rh1 75. Kc5 Bf5 76. Kd4 Rd1+ 77. Kc5 Ke5 78. Rb4 Be6 79. Rb2 Rc1+ 80. Kb4 Bf5 81. Kb5 Bd3+ 82. Kb6 Kd6 83. Rb3 Rc6+ 84. Kb7 Ba6+ 85. Ka7 Kc5 86. Rb2 Bb5 87. Rc2+ Bc4 88. Rb2 Rg6 89. Rb7 Ra6+ 90. Kb8 Bd5 91. Ra7 Rh6 92. Re7 Rh8+ 93. Kc7 Ra8 94. Kd7 Ra4 95. Kc7 Ra6 96. Kd7 Rh6 97. Kc7 Be6 98. Rg7 Rf6 99. Re7 Bd5 100. Kd7 Ra6 101. Kc7 Ra8 102. Kd7 Bc6+ 103. Ke6 Bd5+ 104. Ke5 Rh8 105. Rc7+ Bc6 106. Re7 Rh5+ 107. Kf4 Kd4 108. Re1 Rh4+ 109. Kg3 Rh7 1/2-1/2

[Event "FIDE World Rapid-ch Open 2018"]
[White "Fakhrutdinov, Timur"]
[Black "Reshetnikov, Alexey"]
[Site "St. Petersburg"]
[Round "3.83"]
[Annotator "ChessBase"]
[Result "0-1"]
[Date "2018.12.26"]
[WhiteElo "2481"]
[BlackElo "2492"]
[PlyCount "66"]
[TimeControl "900+10"]

1. e4 c5 2. Nf3 Nc6 3. d4 cxd4 4. Nxd4 Qb6 5. Nb3 Nf6 6. Nc3 e6 7. a3 a6 8. Bf4 e5 9. Bg5 Be7 10. Bxf6 Bxf6 11. Nd5 Qd8 12. Nd2 b5 13. a4 Rb8 14. axb5 axb5 15. b4 0-0 16. Bd3 Bg5 17. Nf3 Bh6 18. Qe2 Ne7 19. 0-0 Nxd5 20. exd5 d6 21. h3 f5 22. Bxb5 Qb6 23. c4 e4 24. Nd2 Bf4 25. Nb3 Be5 26. Ra4 f4 27. Qxe4 f3 28. Na5 Rf4 29. Qe3 Qd8 30. Nc6 Qg5 31. g3 Qh5 32. Nxe5 dxe5 33. h4 Rxh4 0-1

[Event "FIDE World Rapid-ch Open 2018"]
[White "Popov, Valerij"]
[Black "Hirneise, Jens"]
[Site "St. Petersburg"]
[Round "3.84"]
[Annotator "ChessBase"]
[Result "1/2-1/2"]
[Date "2018.12.26"]
[WhiteElo "2532"]
[BlackElo "2371"]
[PlyCount "83"]
[TimeControl "900+10"]

1. c4 g6 2. Nf3 Bg7 3. Nc3 Nf6 4. e4 d6 5. d4 0-0 6. Be2 e5 7. Be3 Ng4 8. Bg5 f6 9. Bh4 g5 10. Bg3 Nh6 11. h3 Nc6 12. d5 Ne7 13. Qd2 Ng6 14. 0-0-0 Nf4 15. Bxf4 gxf4 16. g4 fxg3 17. fxg3 f5 18. Bd3 fxe4 19. Bxe4 Nf5 20. Qd3 Kh8 21. g4 Ng3 22. Rhg1 Nxe4 23. Nxe4 Qe7 24. Nfd2 Bd7 25. Kb1 Rf4 26. Rde1 Raf8 27. a3 Be8 28. Ka2 Bg6 29. Qb3 b6 30. Qg3 Bxe4 31. Nxe4 Rf3 32. Qg2 Qh4 33. Rh1 Bh6 34. Ref1 R3f4 35. Ng3 Rxf1 36. Rxf1 Rxf1 37. Qxf1 Qxg3 38. Qf6+ Kg8 39. Qe6+ Kg7 40. Qe7+ Kg8 41. Qe6+ Kg7 42. Qe7+ 1/2-1/2

[Event "FIDE World Rapid-ch Open 2018"]
[White "Kryakvin, Dmitry"]
[Black "Abdusattorov, Nodirbek"]
[Site "St. Petersburg"]
[Round "3.85"]
[Annotator "ChessBase"]
[Result "1-0"]
[Date "2018.12.26"]
[WhiteElo "2588"]
[BlackElo "2546"]
[PlyCount "79"]
[TimeControl "900+10"]

1. d4 Nf6 2. c4 e6 3. Nf3 b6 4. g3 Bb7 5. Bg2 Be7 6. 0-0 0-0 7. Nc3 Ne4 8. Bd2 Bf6 9. Ne5 Nxc3 10. Bxc3 Bxg2 11. Kxg2 d6 12. Ng4 Nd7 13. e4 Be7 14. f4 f5 15. exf5 exf5 16. Ne3 g6 17. g4 fxg4 18. Qxg4 Rf7 19. Rae1 Bf8 20. f5 Nf6 21. Qf3 Bg7 22. fxg6 hxg6 23. Kh1 Qf8 24. Qg2 Re8 25. Qxg6 Ne4 26. Nf5 Rf6 27. Nh6+ Kh8 28. Rxf6 Nxf6 29. Rf1 Qe7 30. Rxf6 Qe2 31. Rf2 Qxf2 32. Qxe8+ Kh7 33. Qf7 Qe2 34. d5 Qe4+ 35. Kg1 Qe3+ 36. Kg2 Qe2+ 37. Kg3 Qe3+ 38. Qf3 Qxh6 39. Qf5+ Kg8 40. Qg4 1-0

[Event "FIDE World Rapid-ch Open 2018"]
[White "Ghaem Maghami, Ehsan"]
[Black "Shubin, Kirill"]
[Site "St. Petersburg"]
[Round "3.86"]
[Annotator "ChessBase"]
[Result "1-0"]
[Date "2018.12.26"]
[WhiteElo "2537"]
[BlackElo "2334"]
[PlyCount "107"]
[TimeControl "900+10"]

1. d4 e6 2. Nf3 Nf6 3. c4 Bb4+ 4. Bd2 a5 5. g3 d6 6. Bg2 Nbd7 7. 0-0 e5 8. e3 Bxd2 9. Qxd2 0-0 10. Nc3 Re8 11. b3 h6 12. Qc2 Nf8 13. h3 Bd7 14. Rad1 Qc8 15. Kh2 Rb8 16. Rfe1 c6 17. dxe5 dxe5 18. Nd2 b6 19. Nde4 Nxe4 20. Nxe4 Qc7 21. Qc3 c5 22. Qd2 f5 23. Nd6 Re7 24. e4 fxe4 25. Qd5+ Be6 26. Qxe4 Rd8 27. Nb5 Qb8 28. Rxd8 Qxd8 29. Qxe5 Rd7 30. Nc3 Rd2 31. Re2 Qd4 32. Qxd4 Rxd4 33. Nd5 a4 34. Nxb6 axb3 35. axb3 Kf7 36. Na4 Nd7 37. Bc6 Rd1 38. g4 h5 39. gxh5 Rb1 40. Bxd7 Bxd7 41. Nxc5 Bc6 42. Kg3 Rc1 43. Kf4 Bg2 44. Re3 Rc2 45. f3 Bxh3 46. Ne4 Bf1 47. Rc3 Rh2 48. c5 Ke7 49. c6 Ba6 50. Re3 Bc8 51. Nc3+ Kd8 52. Nd5 Rxh5 53. Re5 Rh1 54. Re7 1-0

[Event "FIDE World Rapid-ch Open 2018"]
[White "Mikhalevski, Victor"]
[Black "Yeritsyan, Aram"]
[Site "St. Petersburg"]
[Round "3.87"]
[Annotator "ChessBase"]
[Result "1-0"]
[Date "2018.12.26"]
[WhiteElo "2579"]
[BlackElo "2372"]
[PlyCount "43"]
[TimeControl "900+10"]

1. Nf3 Nf6 2. g3 b5 3. Bg2 Bb7 4. Na3 a6 5. c4 e5 6. b3 Bc5 7. Bb2 Qe7 8. Nc2 e4 9. Nfd4 0-0 10. 0-0 bxc4 11. bxc4 d6 12. Rb1 Nbd7 13. Nf5 Qe6 14. Bh3 Qxc4 15. Bxf6 Nxf6 16. Rxb7 Bb6 17. Nce3 Qxa2 18. Qa1 Qxd2 19. Nxg7 Kxg7 20. Rxb6 cxb6 21. Rd1 Qxe2 22. Nf5+ 1-0

[Event "FIDE World Rapid-ch Open 2018"]
[White "Gaifullin, Artur"]
[Black "Kovalev, Vladislav"]
[Site "St. Petersburg"]
[Round "3.88"]
[Annotator "ChessBase"]
[Result "0-1"]
[Date "2018.12.26"]
[WhiteElo "2448"]
[BlackElo "2683"]
[PlyCount "86"]
[TimeControl "900+10"]

1. Nf3 Nf6 2. d4 g6 3. c4 Bg7 4. Nc3 0-0 5. e4 d6 6. Be2 Na6 7. 0-0 e5 8. Be3 Ng4 9. Bg5 Qe8 10. dxe5 Nxe5 11. Nd4 Nc6 12. Nxc6 bxc6 13. Be3 Nc5 14. Bxc5 dxc5 15. Qc2 Bd4 16. Bf3 Qe5 17. Rac1 h5 18. b3 Bg4 19. Bd1 Rad8 20. Ne2 Rfe8 21. Nxd4 cxd4 22. f3 Bc8 23. Qd3 f5 24. Bc2 c5 25. Rce1 f4 26. Rc1 g5 27. a3 Re7 28. b4 Rg7 29. bxc5 g4 30. c6 gxf3 31. Rxf3 Bg4 32. Rf2 Rf8 33. Bd1 Rf6 34. Bxg4 hxg4 35. Rd1 Rd6 36. c5 Rd8 37. Qc4+ Kh7 38. Rfd2 g3 39. hxg3 fxg3 40. Rxd4 Rxd4 41. Qxd4 Qh5 42. e5 Rf7 43. Qd3+ Kh8 0-1

[Event "FIDE World Rapid-ch Open 2018"]
[White "Rechlis, Gad"]
[Black "Pershin, Denis"]
[Site "St. Petersburg"]
[Round "3.89"]
[Annotator "ChessBase"]
[Result "0-1"]
[Date "2018.12.26"]
[WhiteElo "2521"]
[BlackElo "2400"]
[PlyCount "68"]
[TimeControl "900+10"]

1. Nf3 d5 2. c4 c6 3. b3 Nf6 4. Bb2 Bg4 5. g3 Nbd7 6. Bg2 e6 7. 0-0 Bd6 8. d4 0-0 9. Nbd2 a5 10. a3 Qc7 11. Rc1 Qb8 12. Qc2 Bf5 13. Qc3 b5 14. Ne5 b4 15. axb4 axb4 16. Qe3 Nxe5 17. dxe5 Ng4 18. Qg5 h6 19. Qh4 Bxe5 20. Bxe5 Qxe5 21. cxd5 cxd5 22. e4 dxe4 23. Nxe4 Ra2 24. Rc4 Qb2 25. Bh1 Qxb3 26. Nd6 Qd3 27. Qe7 Nxh2 28. Rfc1 Nf3+ 29. Kg2 Qd2 30. Rf1 Bd3 31. Rcc1 Bxf1+ 32. Rxf1 Qd5 33. g4 Nh4+ 34. Kg3 Ra3+ 0-1

[Event "FIDE World Rapid-ch Open 2018"]
[White "Guimaraes, Diogo Duarte"]
[Black "Zablotsky, Sergei"]
[Site "St. Petersburg"]
[Round "3.90"]
[Annotator "ChessBase"]
[Result "0-1"]
[Date "2018.12.26"]
[WhiteElo "2278"]
[BlackElo "2511"]
[PlyCount "58"]
[TimeControl "900+10"]

1. e4 d6 2. d4 Nf6 3. Nc3 e5 4. Nf3 Nbd7 5. Bc4 Be7 6. 0-0 0-0 7. Re1 c6 8. a4 exd4 9. Qxd4 Ne5 10. Nxe5 dxe5 11. Qxe5 Ng4 12. Qf4 Bd6 13. e5 Nxe5 14. Ne4 Bc7 15. Ng5 h6 16. Nf3 Nd3 17. Qe4 Nxe1 18. Qxe1 Bg4 19. Qc3 Bxf3 20. Qxf3 Qh4 21. Bb3 Qxh2+ 22. Kf1 Qh1+ 23. Ke2 Rae8+ 24. Kd3 Re1 25. Bf4 Qf1+ 26. Kd4 Bb6+ 27. Kc3 Ba5+ 28. Kd4 Rxa1 29. Bd6 Qd1+ 0-1

[Event "FIDE World Rapid-ch Open 2018"]
[White "Dubrovin, Robert"]
[Black "Vaisser, Anatoli"]
[Site "St. Petersburg"]
[Round "3.91"]
[Annotator "ChessBase"]
[Result "0-1"]
[Date "2018.12.26"]
[WhiteElo "2220"]
[BlackElo "2505"]
[PlyCount "110"]
[TimeControl "900+10"]

1. d4 Nf6 2. c4 c5 3. d5 b5 4. cxb5 a6 5. bxa6 g6 6. Nc3 Bg7 7. e4 0-0 8. Be2 Qa5 9. Bd2 Bxa6 10. Nf3 d6 11. 0-0 Nfd7 12. Qc2 Bxe2 13. Nxe2 Qa4 14. b3 Qa6 15. Bc3 Nf6 16. a4 Nbd7 17. Ng3 Rfb8 18. Nd2 Ng4 19. Bxg7 Kxg7 20. Qc3+ Kg8 21. Rac1 Nge5 22. f4 Nd3 23. Rc2 Nb4 24. Rb2 Qd3 25. Rf3 Qxc3 26. Rxc3 f5 27. exf5 Nxd5 28. Rd3 Nxf4 29. Rf3 Ne5 30. Rxf4 Nd3 31. Re4 Nxb2 32. Rxe7 Re8 33. Rd7 Rad8 34. Rc7 Re1+ 35. Kf2 Nd3+ 36. Kf3 Rf8 37. a5 Ne5+ 38. Kf4 Rf7 39. Rc8+ Kg7 40. Nde4 Nd3+ 41. Kf3 Rd7 42. f6+ Kh6 43. h4 Ne5+ 44. Kf4 Nd3+ 45. Kf3 Rf7 46. Rd8 Ne5+ 47. Kf4 Nd7 48. a6 Nxf6 49. Nxd6 Nh5+ 50. Kg4 Rf4+ 51. Kh3 Re3 52. a7 Nxg3 53. a8=Q Ne4+ 54. g3 Rxg3+ 55. Kh2 Rxh4# 0-1

[Event "FIDE World Rapid-ch Open 2018"]
[White "Danielyan, Vahe"]
[Black "Oganian, Miran"]
[Site "St. Petersburg"]
[Round "3.92"]
[Annotator "NA"]
[Result "0-1"]
[Date "2018.12.26"]
[WhiteElo "2220"]
[BlackElo "2423"]
[PlyCount "100"]
[TimeControl "900+10"]

1. e4 c5 2. Nc3 Nc6 3. Bb5 Nd4 4. Bc4 e6 5. Nge2 Ne7 6. Nxd4 cxd4 7. Ne2 Nc6 8. 0-0 Bc5 9. c3 0-0 10. b4 Bb6 11. cxd4 d5 12. exd5 exd5 13. Bb5 Nxd4 14. Nxd4 Bxd4 15. Rb1 Bf5 16. Rb3 Rc8 17. Bd3 Bxd3 18. Rxd3 Qb6 19. Qf3 Rfe8 20. g3 Re4 21. Qf5 Qe6 22. Qxe6 fxe6 23. a4 Rc2 24. Kg2 Bf6 25. Ba3 Rd4 26. Rb3 Rdxd2 27. b5 Rc3 28. Rfb1 Rxb3 29. Rxb3 Rc2 30. a5 Kf7 31. a6 bxa6 32. bxa6 Bd4 33. Rf3+ Ke8 34. h4 h5 35. Bd6 Ra2 36. Ba3 Bxf2 37. Rf8+ Kd7 38. Rxf2 Rxa3 39. Rf7+ Kd6 40. Rxa7 Ke5 41. Rxg7 Rxa6 42. Rg5+ Ke4 43. Rxh5 d4 44. Rh8 Ra2+ 45. Kh3 d3 46. Rd8 Ra5 47. Kg2 Ke3 48. Rd6 d2 49. Kf1 Rd5 50. Rxe6+ Kd3 0-1

[Event "FIDE World Rapid-ch Open 2018"]
[White "Dzhumagaliev, Yan"]
[Black "Perdomo, Carlos Andres"]
[Site "St. Petersburg"]
[Round "3.93"]
[Annotator "NA"]
[Result "1-0"]
[Date "2018.12.26"]
[WhiteElo "2410"]
[BlackElo "2301"]
[PlyCount "132"]
[TimeControl "900+10"]

1. d4 d5 2. c4 e6 3. Nf3 Be7 4. g3 Nf6 5. Bg2 0-0 6. 0-0 c6 7. Qc2 b6 8. Rd1 Bb7 9. b3 Na6 10. Nc3 Rc8 11. e4 dxe4 12. Nxe4 Nb4 13. Qe2 Nxe4 14. Qxe4 Rc7 15. Bf4 Rd7 16. Ne5 c5 17. Qe2 Bxg2 18. Nxd7 Qxd7 19. Kxg2 cxd4 20. a3 Nc6 21. b4 f6 22. Qg4 f5 23. Qf3 Bf6 24. Rac1 g5 25. b5 Na5 26. Bd2 g4 27. Qd3 Nb7 28. Bb4 Nc5 29. Bxc5 bxc5 30. f4 h5 31. h4 Qb7+ 32. Kh2 Qe4 33. Rc2 Qxd3 34. Rxd3 Kf7 35. Re2 Re8 36. a4 Be7 37. a5 Bd6 38. Rb3 Rb8 39. b6 a6 40. Kg2 Ke7 41. Kf1 Kd7 42. Ke1 Re8 43. Kd2 Kc6 44. Rb1 Bb8 45. Rbe1 Kd7 46. Kd3 Bd6 47. Rb1 Bb8 48. Rb3 Kc6 49. b7 Bc7 50. Rb6+ Bxb6 51. Rxe6+ Rxe6 52. b8=Q Re3+ 53. Kc2 Bxa5 54. Qc8+ Bc7 55. Qxa6+ Kd7 56. Qf6 Rxg3 57. Qxf5+ Kc6 58. Qd5+ Kb6 59. f5 d3+ 60. Kb3 d2+ 61. Ka4 Bf4 62. Qd8+ Kb7 63. f6 Rg1 64. f7 d1=Q+ 65. Qxd1 Rxd1 66. f8=Q Bd6 1-0

[Event "FIDE World Rapid-ch Open 2018"]
[White "Gurvich, Vitaly"]
[Black "Rashkovsky, Nukhim N"]
[Site "St. Petersburg"]
[Round "3.94"]
[Annotator "ChessBase"]
[Result "1-0"]
[Date "2018.12.26"]
[WhiteElo "2270"]
[BlackElo "2482"]
[PlyCount "91"]
[TimeControl "900+10"]

1. d4 Nf6 2. c4 e6 3. Nf3 Bb4+ 4. Bd2 Qe7 5. g3 Bxd2+ 6. Qxd2 Nc6 7. Nc3 d5 8. Bg2 dxc4 9. Ne5 Nxe5 10. dxe5 Nd7 11. f4 Nb6 12. 0-0-0 Bd7 13. Bxb7 Rb8 14. Bf3 0-0 15. Qc2 Qb4 16. Rd4 c5 17. Rd6 Ba4 18. Qd2 Qa5 19. Ne4 Qb5 20. Nc3 Qa5 21. Ne4 Qb5 22. Nc3 Qa6 23. g4 Qa5 24. Ne4 Qb5 25. Nc3 Qb4 26. f5 Kh8 27. f6 Rg8 28. fxg7+ Rxg7 29. Rd8+ Rg8 30. Rxg8+ Rxg8 31. a3 Qa5 32. Qf4 Rg7 33. Nxa4 Nxa4 34. Qxc4 Nb6 35. Qd3 Rg8 36. Rd1 c4 37. Qc3 Qc5 38. Qd4 Qa5 39. Qf4 Rf8 40. Qf6+ Kg8 41. Qg5+ Kh8 42. Qf6+ Kg8 43. Be4 Nd5 44. Qh6 f5 45. Qxe6+ Kh8 46. Qxd5 1-0

[Event "FIDE World Rapid-ch Open 2018"]
[White "Mamatov, Melis"]
[Black "Sanikidze, Tornike"]
[Site "St. Petersburg"]
[Round "3.95"]
[Annotator "ChessBase"]
[Result "0-1"]
[Date "2018.12.26"]
[WhiteElo "2223"]
[BlackElo "2507"]
[PlyCount "88"]
[TimeControl "900+10"]

1. e4 d6 2. d4 g6 3. Nc3 Bg7 4. f4 Nc6 5. Nf3 Bg4 6. Be3 Bxf3 7. gxf3 e6 8. Qd2 d5 9. 0-0-0 Nge7 10. Bh3 Qd6 11. Rhg1 a6 12. f5 exf5 13. exf5 0-0 14. Bf4 Qb4 15. Ne2 Qb6 16. Bh6 Nd8 17. Bxg7 Kxg7 18. Ng3 Kh8 19. Rde1 Ng8 20. f4 Nc6 21. c3 Nce7 22. fxg6 fxg6 23. Re6 c6 24. f5 Qc7 25. Qg5 gxf5 26. Nh5 Rf7 27. Rge1 Qxh2 28. Nf4 Rg7 29. R6e2 Qxe2 30. Qxg7+ Kxg7 31. Rxe2 Kf6 32. Rg2 Kf7 33. Nd3 Nf6 34. Rf2 Ne4 35. Rf1 Kf6 36. Ne5 Rg8 37. Ng4+ Ke6 38. Ne3 Rg5 39. Kc2 h5 40. a4 Nd6 41. Re1 Kf6 42. Kb3 Rg3 43. Bf1 f4 44. Ng2 Ng6 0-1

[Event "FIDE World Rapid-ch Open 2018"]
[White "Belyakov, Bogdan"]
[Black "Makoveev, Ilya"]
[Site "St. Petersburg"]
[Round "3.96"]
[Annotator "ChessBase"]
[Result "0-1"]
[Date "2018.12.26"]
[WhiteElo "2459"]
[BlackElo "2257"]
[PlyCount "96"]
[TimeControl "900+10"]

1. e4 c5 2. c3 d5 3. exd5 Qxd5 4. d4 Nf6 5. Nf3 Bf5 6. Be2 e6 7. 0-0 Nc6 8. Be3 cxd4 9. cxd4 Be7 10. Nc3 Qd6 11. Qb3 0-0 12. Rfd1 Rfd8 13. Rac1 Ng4 14. Qxb7 Rab8 15. Qa6 Rb6 16. Nb5 Qb4 17. Qa3 Qxa3 18. bxa3 a6 19. Nc7 Nxe3 20. fxe3 Bxa3 21. Rc3 Bb4 22. Rcc1 Ba3 23. Rc4 Rc8 24. Nxa6 Rxa6 25. Rc3 Raa8 26. Bd3 Bb4 27. Rb3 Bxd3 28. Rdxd3 Rxa2 29. Rd1 Ra3 30. Rxa3 Bxa3 31. Kf2 Kf8 32. g4 Ke7 33. h4 Bd6 34. Ra1 Nb4 35. Ra7+ Rc7 36. Ra8 Rc2+ 37. Kf1 Nd5 38. Ra7+ Kf6 39. e4 Ne3+ 40. Kg1 Rc1+ 41. Kf2 Nxg4+ 42. Ke2 Bf4 43. h5 g6 44. e5+ Kg7 45. d5 exd5 46. e6 Rc7 47. e7 Nf6 48. h6+ Kxh6 0-1

[Event "FIDE World Rapid-ch Open 2018"]
[White "Zakhartsov, Vladimir"]
[Black "Masrahi, Abdulrahman A"]
[Site "St. Petersburg"]
[Round "3.97"]
[Annotator "ChessBase"]
[Result "1-0"]
[Date "2018.12.26"]
[WhiteElo "2486"]
[BlackElo "1903"]
[PlyCount "77"]
[TimeControl "900+10"]

1. e4 e5 2. Nf3 Nc6 3. Bb5 a6 4. Bxc6 dxc6 5. 0-0 Ne7 6. Nc3 Ng6 7. d4 exd4 8. Nxd4 c5 9. Nde2 Qxd1 10. Rxd1 Bd7 11. Be3 0-0-0 12. Rd2 Bd6 13. Rad1 Ne5 14. b3 Ng4 15. Bf4 Be5 16. Nd5 Rhe8 17. f3 Nf6 18. Bxe5 Rxe5 19. Nxf6 gxf6 20. Nf4 c6 21. Nd3 Rh5 22. g4 Rg8 23. Nf4 Bxg4 24. Nxh5 Bxh5+ 25. Kf2 Bg6 26. Rd7 Re8 27. c4 h6 28. h4 h5 29. a4 a5 30. R1d2 b6 31. Ra7 Re6 32. Ra8+ Kb7 33. Rad8 Re7 34. R2d7+ Rxd7 35. Rxd7+ Kc8 36. Re7 f5 37. Ke3 fxe4 38. fxe4 f5 39. Re6 1-0

[Event "FIDE World Rapid-ch Open 2018"]
[White "Carlsson, Pontus"]
[Black "Al Thebaiti, Ahmed M"]
[Site "St. Petersburg"]
[Round "3.98"]
[Annotator "ChessBase"]
[Result "1-0"]
[Date "2018.12.26"]
[WhiteElo "2463"]
[BlackElo "1976"]
[PlyCount "45"]
[TimeControl "900+10"]

1. e4 c6 2. d4 d5 3. e5 Bf5 4. h4 h5 5. Bd3 Bxd3 6. Qxd3 e6 7. Bg5 Qb6 8. Nd2 Nd7 9. Ngf3 Ne7 10. c4 Qa6 11. 0-0 Nb6 12. b3 Nf5 13. a4 c5 14. a5 Nd7 15. Qc2 dxc4 16. d5 cxb3 17. Nxb3 Be7 18. Bxe7 Nxe7 19. dxe6 Qxe6 20. Rad1 Rd8 21. Nxc5 Qc6 22. e6 fxe6 23. Rxd7 1-0

[Event "FIDE World Rapid-ch Open 2018"]
[White "Apryshko, Gleb"]
[Black "khayat, Abdullah F"]
[Site "St. Petersburg"]
[Round "3.99"]
[Annotator "NA"]
[Result "1/2-1/2"]
[Date "2018.12.26"]
[WhiteElo "2385"]
[BlackElo "1723"]
[PlyCount "67"]
[TimeControl "900+10"]

1. e4 d5 2. d3 dxe4 3. dxe4 Qxd1+ 4. Kxd1 e5 5. c3 Nf6 6. f3 Bc5 7. Nd2 a6 8. a4 Be6 9. Bc4 Bxc4 10. Nxc4 Nc6 11. Ke2 0-0 12. a5 h6 13. Nh3 Rfd8 14. Nf2 Bxf2 15. Kxf2 Nd7 16. Be3 f6 17. g3 Nf8 18. f4 Rd7 19. f5 Rad8 20. g4 Kf7 21. h4 Rd3 22. g5 fxg5 23. hxg5 hxg5 24. Bxg5 R8d7 25. Ke2 Rg3 26. Be3 Rg2+ 27. Bf2 Kf6 28. Kf3 Rxf2+ 29. Kxf2 Na7 30. Rad1 Nb5 31. Ne3 Nd6 32. Kf3 Nf7 33. Nd5+ Kg5 34. Rdg1# {[%emt 0:0:2]
Kxf5 exf5} 1/2-1/2

[Event "FIDE World Rapid-ch Open 2018"]
[White "Tissir, Mohamed"]
[Black "Al Turky, Fahad A"]
[Site "St. Petersburg"]
[Round "3.100"]
[Annotator "NA"]
[Result "1-0"]
[Date "2018.12.26"]
[WhiteElo "2387"]
[BlackElo "1836"]
[PlyCount "47"]
[TimeControl "900+10"]

1. e4 d6 2. d4 Nf6 3. Nc3 g6 4. Nf3 Bg7 5. Be3 c6 6. h3 Nbd7 7. Qd2 Qa5 8. Bd3 e5 9. 0-0 0-0 10. Rae1 exd4 11. Nxd4 Ne5 12. f4 Nxd3 13. cxd3 Ne8 14. f5 d5 15. Nb3 Qd8 16. Bc5 Nd6 17. Qf4 Ne8 18. Bxf8 Bxf8 19. fxg6 f6 20. exd5 cxd5 21. Nxd5 Qxd5 22. Rxe8 Kg7 23. Qxf6+ Kh6 24. g7+ 1-0

[Event "FIDE World Rapid-ch Open 2018"]
[White "Bilguun, Sumiya"]
[Black "Alsulaymi, Abdullah M"]
[Site "St. Petersburg"]
[Round "3.101"]
[Annotator "ChessBase"]
[Result "1-0"]
[Date "2018.12.26"]
[WhiteElo "2497"]
[BlackElo "1833"]
[PlyCount "47"]
[TimeControl "900+10"]

1. e4 e5 2. Nf3 Nf6 3. Nc3 Nc6 4. Bb5 Nd4 5. Bc4 d6 6. h3 Be6 7. d3 h6 8. Be3 c5 9. a4 Bxc4 10. dxc4 Qb6 11. Ra2 Qb4 12. Nd2 Be7 13. 0-0 0-0 14. a5 b5 15. Nd5 Nxd5 16. cxd5 c4 17. c3 Qc5 18. b4 cxb3 19. cxd4 exd4 20. Nxb3 dxe3 21. Nxc5 exf2+ 22. Raxf2 dxc5 23. d6 Bg5 24. Rf3 1-0

[Event "FIDE World Rapid-ch Open 2018"]
[White "Kabanov, Nikolai"]
[Black "Ahmed Hassan Abdillahi"]
[Site "St. Petersburg"]
[Round "3.102"]
[Annotator "ChessBase"]
[Result "1-0"]
[Date "2018.12.26"]
[WhiteElo "2450"]
[BlackElo "1570"]
[PlyCount "31"]
[TimeControl "900+10"]

1. e4 c5 2. Nf3 g6 3. c3 Nc6 4. d4 cxd4 5. cxd4 e6 6. d5 exd5 7. exd5 Qa5+ 8. Nc3 Nce7 9. Qd4 Nf6 10. Qxf6 Rg8 11. d6 Nf5 12. Bc4 Nxd6 13. 0-0 Qd8 14. Re1+ Be7 15. Qxd6 Kf8 16. Bh6+ 1-0